 Dungeon Crawl Stone Soup version 0.27-a0-200-g8ba017916c (webtiles) character file.

Game seed: 1649297137966708880

332 vurker the Cudgeller (level 6, -1/62 HPs)
             Began as a Troll Monk on Jan 29, 2021.
             Killed by divine providence
             ... invoked by an orc priest
              (11 damage)
             ... on level 4 of the Dungeon.
             The game lasted 00:04:53 (3103 turns).

vurker the Cudgeller (Troll Monk)                   Turns: 3103, Time: 00:04:53

Health: -1/62      AC: 14    Str: 22    XL:     6   Next: 26%
Magic:  5/5        EV:  5    Int: 12    God:
Gold:   116        SH:  7    Dex: 12    Spells: 5/5 levels left

rFire    . . .     SeeInvis .   a - +0 mace
rCold    + + .     Faith    .   j - +0 kite shield
rNeg     . . .     Spirit   .   t - +0 ice dragon scales
rPois    .         Reflect  .   (helmet restricted)
rElec    .         Harm     .   d - +0 cloak
rCorr    .         Rampage  .   (gloves unavailable)
Will     .....                  (boots unavailable)
Stlth    ..........             g - amulet of magic regeneration
HPRegen  0.60/turn              f - ring of protection from fire
MPRegen  0.34/turn              i - +6 ring of intelligence

@: no status effects
A: large, unfitting armour, claws 3, regeneration 1, shaggy fur 1, tough skin 3
a: no special abilities


You were on level 4 of the Dungeon.
You visited 1 branch of the dungeon, and saw 4 of its levels.

You collected 116 gold pieces.

Inventory:

Hand Weapons
 a - a +0 mace (weapon)
Armour
 b - a +0 robe
 d - a +0 cloak (worn)
   (You found it on level 1 of the Dungeon)
 j - a +0 kite shield (worn)
   (You found it on level 1 of the Dungeon)
 t - +0 ice dragon scales (worn)
   (You found it on level 4 of the Dungeon)
Jewellery
 f - a ring of protection from fire (left claw)
   (You found it on level 1 of the Dungeon)
 g - an amulet of magic regeneration (around neck)
   (You found it on level 1 of the Dungeon)
 i - a +6 ring of intelligence (right claw)
   (You found it on level 1 of the Dungeon)
Scrolls
 c - 7 scrolls of identify {unknown}
 e - a scroll of noise {unknown}
 h - 2 scrolls of random uselessness {unknown}
 k - 4 scrolls of remove curse {unknown}
 l - a scroll of fear {unknown}
 m - a scroll of blinking {unknown}
 n - a scroll of fog {unknown}
 q - a scroll of enchant armour {unknown}
 r - 2 scrolls of teleportation {unknown}
Potions
 o - 2 potions of cancellation {unknown}
 p - a potion of flight {unknown}
 s - a potion of mutation {unknown}
 u - a potion of curing {unknown}


   Skills:
 + Level 3.8 Fighting
 * Level 5.5 Maces & Flails
 - Level 2.4 Dodging
 - Level 1.0 Stealth


You had 5 spell levels left.
You didn't know any spells.
Your spell library was empty.

Dungeon Overview and Level Annotations

Branches:
Dungeon (4/15)
 Temple: D:4-7

Altars:
Fedhas
Nemelex Xobeh
Qazlal
Vehumet


Innate Abilities, Weirdness & Mutations

You are too large for most types of armour.
You have claws for hands.
Your natural rate of healing is unusually fast.
You are covered in fur. (AC +1)
You have extremely tough skin. (AC +3)


Message History

The orc barely misses you.
You closely miss the orc wizard. The orc wizard casts a spell at you.
You resist with some effort.
The orc priest mumbles some strange prayers to Beogh against you.
Beogh smites you!
* * * LOW HITPOINT WARNING * * *
The orc hits you but does no damage.
The orc wizard hits you but does no damage.
The orc wizard points at you and mumbles some strange words.
You resist with some effort.
You closely miss the orc wizard.
The orc wizard hits you with a +0 dagger.
You hit the orc wizard.
The orc priest begins to cast a cantrip, but forgets the words!
The orc wizard hits you with a +0 dagger.
* * * LOW HITPOINT WARNING * * *
You closely miss the orc wizard. You block the orc wizard's attack.
The orc wizard casts a spell at you.
You are confused.
You bump into the rock wall.
The orc wizard hits you but does no damage.
The orc priest calls down the wrath of Beogh upon you.
Beogh smites you!
* * * LOW HITPOINT WARNING * * *
You closely miss the orc wizard.
The orc wizard hits you but does no damage.
You closely miss the orc wizard.
The orc wizard hits you but does no damage. x2
You bump into the rock wall.
You feel less confused.
The orc wizard hits you but does no damage.
You closely miss the orc wizard.
The orc wizard gestures at you while chanting.
The puff of flame hits you.
* * * LOW HITPOINT WARNING * * *
You closely miss the orc wizard.
The orc wizard hits you with a +0 dagger.
* * * LOW HITPOINT WARNING * * *
The orc priest looks encouraged for a moment.
The orc wizard hits you but does no damage.
You closely miss the orc wizard.
The orc priest calls down the wrath of Beogh upon you.
Beogh smites you!
* * * LOW HITPOINT WARNING * * *
You block the orc wizard's attack.
Your shield and ice dragon scales prevent you from hitting the orc wizard.
The orc priest invokes the aid of Beogh against you.
Beogh smites you!
You die...

######.# #######....#.#
........##.#.#
........##.#.###
.......>.......#
######.##.#.#.#
#.##.#.#.## #.##.#.#..#
#@##.#.##.## ###
#o##.#.##..#
.....####o##.#.###.#
......o.oo...#.# #.##
.......##.####.###..######
....... ..................
....... ###########..#####
.....## ##.# # ..... #.. #


You could see 2 orc priests, an orc wizard and an orc.

Vanquished Creatures
  A centaur (D:2)
  A hound (D:4)
  An orc priest (D:2)
  Crazy Yiuf (D:2)
  Jessica (D:2)
  An orc wizard (D:2)
  6 adders
  2 worms
  A dart slug (D:2)
  A leopard gecko (D:3)
  8 orcs
  2 ball pythons (D:3)
  4 giant cockroaches
  9 goblins
  8 hobgoblins
  A quokka (D:3)
  9 bats
  A frilled lizard (D:3)
  14 kobolds
  8 rats
80 creatures vanquished.

Vanquished Creatures (others)
  2 fungi (D:2)
2 creatures vanquished.

Grand Total: 82 creatures vanquished

Notes
Turn   | Place    | Note
-------+----------+-------------------------------------------
     0 | D:1      | vurker the Troll Monk began the quest for the Orb.
     0 | D:1      | Reached XP level 1. HP: 22/22 MP: 0/0
   140 | D:1      | Reached skill level 3 in Maces & Flails
   171 | D:1      | Reached XP level 2. HP: 29/29 MP: 1/1
   765 | D:2      | Noticed Jessica
   777 | D:2      | Killed Jessica
   778 | D:2      | Reached XP level 3. HP: 6/36 MP: 2/2
   944 | D:2      | Reached skill level 4 in Maces & Flails
   944 | D:2      | Reached XP level 4. HP: 14/45 MP: 3/3
  1115 | D:2      | Found a sparkling altar of Nemelex Xobeh.
  1174 | D:2      | Found a blossoming altar of Fedhas.
  1178 | D:2      | Found a stormy altar of Qazlal.
  1780 | D:2      | Noticed a centaur
  1784 | D:2      | Reached XP level 5. HP: 37/53 MP: 4/4
  1876 | D:2      | Killed a centaur
  1877 | D:2      | Reached skill level 5 in Maces & Flails
  2057 | D:2      | Found a runed translucent door.
  2058 | D:2      | Noticed Crazy Yiuf
  2149 | D:2      | Killed Crazy Yiuf
  2262 | D:3      | Reached XP level 6. HP: 41/62 MP: 5/5
  2443 | D:3      | Found a radiant altar of Vehumet.
  3103 | D:4      | Killed from afar by an orc priest

Illustrated notes

Levels and vault maps discovered:
D:1:      psy_arrival_statuary, layout_loops_ring
D:2:      layout_basic, grunt_temple_overflow_forces_of_nature, st_stairs_14,
          nemelex_spade_bored_becter, uniq_jessica, uniq_crazy_yiuf_cottage
D:3:      layout_loops_ring, general_overflow_altar
D:4:      layout_basic, old_standard_altar

Skill      XL: |  1  2  3  4  5 |
---------------+----------------+-----
Maces & Flails | 3 4 5 |  5.5
Fighting       | 3 |  3.8
Dodging        | |  2.4
Stealth        | |  1.0

Action                   |  1- 3 |  4- 6 || total
-------------------------+-------+-------++-------
Melee: Mace              |   107 |   237 ||   344
 Stab: Sleeping          |     4 |     2 ||     6
Armor: Robe              |    61 |   165 ||   226
       Ice dragon scales |       |     7 ||     7
Dodge: Dodged            |    60 |   110 ||   170
Block: Kite shield       |    16 |   142 ||   158

Table legend: (Time is in decaauts)
 A = Elapsed time spent in this place.
 B = Non-inter-level travel time spent in this place.
 C = Inter-level travel time spent in this place.
 D = Time resting spent in this place.
 E = Time spent auto-exploring this place.
 F = Levels seen in this place.
 G = Mean time per level.
                   A        B        C        D        E       F      G
               +--------+--------+--------+--------+--------+-----+--------+
         Total |   3257 |   3145 |    112 |     35 |   2094 |   4 |  814.2 |
       Dungeon |   3257 |   3145 |    112 |     35 |   2094 |   4 |  814.2 |
               +--------+--------+--------+--------+--------+-----+--------+

Top non-repeatable levels by time:
     D:2: 1542 daAuts
     D:1: 822 daAuts
     D:3: 627 daAuts
     D:4: 265 daAuts
